 Dungeon Crawl Stone Soup version 0.23.0 (webtiles) character file.

Game seed: 6371283029837792189

94 inmateoo the Changer (level 4, -2/28 HPs)
             Began as an Octopode Transmuter on Feb 15, 2019.
             Slain by an orc priest
             ... wielding a +0 mace
              (3 damage)
             ... on level 2 of the Dungeon.
             The game lasted 00:01:46 (1645 turns).

inmateoo the Changer (Octopode Transmuter)          Turns: 1645, Time: 00:01:47

Health: -2/28      AC:  2    Str:  9    XL:     4   Next: 63%
Magic:  2/7        EV: 19    Int: 16    God:
Gold:   54         SH:  0    Dex: 17    Spells: 1/7 levels left

rFire    + . .     SeeInvis .     - Unarmed
rCold    + . .     Gourm    .   (shield currently unavailable)
rNeg     . . .     Faith    .   (helmet currently unavailable)
rPois    .         Spirit   .   (no amulet)
rElec    +         Reflect  .   (no ring)
rCorr    +         Harm     .   (no ring)
MR       .....                  (no ring)
Stlth    ++........             (no ring)
HPRegen  0.09/turn              (no ring)
MPRegen  0.10/turn              (no ring)
                                (no ring)
                                (no ring)

@: spider-form, resistant
A: tiny, almost no armour, stealthy swim, (amphibious), 8 rings, (constrict 8)
a: End Transformation


You were on level 2 of the Dungeon.
You were not hungry.
You were a venomous arachnid creature.
You visited 1 branch of the dungeon, and saw 2 of its levels.

You collected 54 gold pieces.

Inventory:

Missiles
 a - 18 arrows
Jewellery
 d - a cursed -6 ring of strength {unknown}
Scrolls
 e - a scroll of teleportation {unknown}
 f - a scroll of fear {unknown}
 h - 2 scrolls of blinking {unknown}
Potions
 b - a potion of resistance
Comestibles
 c - 2 rations
 i - a chunk of flesh


   Skills:
 - Level 1.0 Fighting
 - Level 2.0 Dodging
 - Level 3.0 Unarmed Combat
 - Level 2.0 Spellcasting
 * Level 4.7 Transmutations


You had one spell level left.
You knew the following spells:

 Your Spells              Type           Power        Failure   Level  Hunger
a - Beastly Appendage     Tmut           ###...       11%         1    #......
b - Sticks to Snakes      Tmut           ###.....     14%         2    ###....
c - Spider Form           Tmut/Pois      #.........   45%         3    ###....

Your spell library contained the following spells:

 Spells                   Type           Power        Failure   Level  Hunger
 Ice Form                 Ice/Tmut       #.......     80%         4    #####..
 Blade Hands              Tmut           ###.......   82%         5    ######.


Dungeon Overview and Level Annotations

Branches:
Dungeon (2/15)

Altars:
Elyvilon
Fedhas
Nemelex Xobeh


Innate Abilities, Weirdness & Mutations

You cannot wear most types of armour.
You are very stealthy in the water. (Stealth+)
((You are amphibious.))
You can wear up to eight rings at the same time.
((You can use your tentacles to constrict eight enemies at once.))
((Your skin changes colour to match your surroundings (Stealth+).))
((Your rubbery body absorbs attacks. (AC +1, EV +1)))


Message History

Unknown command.
You hit the orc but do no damage.
The orc is poisoned.
The orc is heavily wounded.
Your transformation has ended.
The orc hits you with a +0 club.
* * * LOW HITPOINT WARNING * * *
Unknown command.
Casting: Spider Form (safe; 24% risk of failure)
Confirm with . or Enter, or press ? or * to list all spells.
You turn into a venomous arachnid creature.
The orc hits you with a +0 club.
* * * LOW HITPOINT WARNING * * *
Unknown command.
Unknown command.
You hit the orc.
The orc is almost dead.
You kill the orc!
Unknown command.
You barely miss the orc priest. The orc priest hits you with a +0 mace.
You die...

#.....# #.#
#.....# #.#
####### #.#
###.# #...#
#.### # #.#
.#?##.##### #.#
.....oos%.###.#
.#.##.###.....#
# #######


You could see an orc priest and an orc.

Vanquished Creatures
  An orc wizard (D:2)
  3 adders (D:2)
  2 worms (D:2)
  2 orcs (D:2)
  A ball python (D:2)
  4 goblins
  8 hobgoblins
  2 jackals (D:1)
  A quokka (D:2)
  A bat (D:2)
  3 frilled lizards
  3 kobolds (D:1)
  6 rats (D:1)
37 creatures vanquished.

Vanquished Creatures (others)
  A hobgoblin (D:2)
1 creature vanquished.

Grand Total: 38 creatures vanquished

Notes
Turn   | Place    | Note
-------+----------+-------------------------------------------
     0 | D:1      | inmateoo the Octopode Transmuter began the quest for the
                  | Orb.
     0 | D:1      | Reached XP level 1. HP: 13/13 MP: 3/3
    26 | D:1      | Reached XP level 2. HP: 18/18 MP: 3/5
   374 | D:1      | Reached skill level 3 in Transmutations
   707 | D:1      | Reached XP level 3. HP: 23/23 MP: 6/6
   711 | D:1      | Learned a level 2 spell: Sticks to Snakes
   715 | D:1      | Learned a level 3 spell: Spider Form
  1065 | D:2      | Found a sparkling altar of Nemelex Xobeh.
  1108 | D:2      | Reached skill level 4 in Transmutations
  1441 | D:2      | Reached XP level 4. HP: 23/28 MP: 7/7
  1511 | D:2      | Found a white marble altar of Elyvilon.
  1574 | D:2      | Found a blossoming altar of Fedhas.
  1643 | D:2      | HP: 1/28 [orc/+0 club (5)]
  1645 | D:2      | Slain by an orc priest

Skill      XL: |  1  2  3 |
---------------+----------+-----
Transmutations | 3 4 |  4.7
Fighting       | |  1.0
Dodging        | |  2.0
Unarmed Combat | |  3.0
Spellcasting   | |  2.0

Action                   |  1- 3 |  4- 6 || total
-------------------------+-------+-------++-------
Melee: Unarmed           |    80 |    15 ||    95
       Constrict         |    21 |       ||    21
       Kick              |     2 |       ||     2
       Tentacles         |     7 |       ||     7
 Cast: Beastly Appendage |     2 |       ||     2
       Spider Form       |     3 |     2 ||     5
       Sticks to Snakes  |     3 |       ||     3
  Use: Potion            |       |     2 ||     2
 Stab: Sleeping          |     6 |       ||     6
  Eat: Chunk             |     2 |     1 ||     3
Armor: Skin              |     4 |     1 ||     5
Dodge: Dodged            |    46 |     6 ||    52
